 Dungeon Crawl Stone Soup version 0.26-a0-597-gb535b0901c (webtiles) character file.

Game seed: 14117238558714390838

8238 kae the Severer (level 11, -2/100 (101) HPs)
             Began as a Hill Orc Abyssal Knight on Aug 26, 2020.
             Was a High Priest of Lugonu.
             Slain by an ice devil (16 damage)
             ... on level 11 of the Dungeon.
             The game lasted 00:11:38 (14802 turns).

kae the Severer (Hill Orc Abyssal Knight)          Turns: 14802, Time: 00:11:39

HP:   -2/100 (101)  AC:  4    Str: 19    XL:     11   Next: 27%
MP:   19/19         EV: 13    Int: 12    God:    Lugonu [*****.]
Gold: 774           SH:  0    Dex:  8    Spells: 10/10 levels left

rFire    . . .     SeeInvis .   a - +2 hand axe (flame)
rCold    . . .     Faith    .   (no shield)
rNeg     . . .     Spirit   .   i - +1 leather armour
rPois    +         Reflect  .   (no helmet)
rElec    .         Harm     .   (no cloak)
rCorr    .                      (no gloves)
MR       +....                  (no boots)
Stlth    +.........             f - amulet of the acrobat
HPRegen  0.26/turn              d - ring of poison resistance
MPRegen  0.16/turn              B - ring of protection from magic

@: no status effects
A: talons 1, repulsion field 1, clumsy 1
a: Depart the Abyss, Bend Space, Banish, Corrupt, Enter the Abyss, Renounce
Religion


You were on level 11 of the Dungeon.
You worshipped Lugonu.
Lugonu was extremely pleased with you.
You visited 1 branch of the dungeon, and saw 11 of its levels.
You visited the Abyss 1 time.

You collected 774 gold pieces.

Inventory:

Hand Weapons
 a - a +2 hand axe of flaming (weapon)
 b - a +2 hand axe of venom
 x - a +1 hand axe
 y - a +0 war axe
 E - a +4 hand axe of freezing
Armour
 i - a +1 leather armour (worn)
Jewellery
 d - a ring of poison resistance (left hand)
 f - an amulet of the acrobat (around neck)
 B - a ring of protection from magic (right hand)
Wands
 e - a wand of flame (25)
 p - a wand of acid (15)
 s - a wand of enslavement (4)
 t - a wand of polymorph (12)
 F - a wand of iceblast (14)
Scrolls
 g - 2 scrolls of fog
 j - 6 scrolls of teleportation
 l - a scroll of enchant armour
 o - 4 scrolls of remove curse
 u - 2 scrolls of amnesia
 A - a scroll of blinking
Potions
 c - 3 potions of lignification
 h - a potion of invisibility
 k - 2 potions of haste
 m - a potion of heal wounds
 n - 5 potions of curing
 q - a potion of flight
 r - 2 potions of ambrosia {unknown}
 w - a potion of might {unknown}
 z - 2 potions of cancellation {unknown}
 C - a potion of degeneration {unknown}
 D - 2 potions of brilliance {unknown}


   Skills:
 + Level 10.8 Fighting
 * Level 15.1 Axes
 - Level 2.1 Armour
 - Level 0.7 Dodging
 + Level 11.3 Invocations


You had 10 spell levels left.
You didn't know any spells.
Your spell library contained the following spells:

 Spells                   Type           Power        Failure   Level
 Animate Skeleton         Necr           #.....       36%         1
 Apportation              Tloc           #.....       36%         1
 Corona                   Hex            #......      36%         1
 Sandblast                Erth           #.....       36%         1
 Summon Small Mammal      Summ           #...         36%         1
 Passwall                 Tmut/Erth      #.......     52%         2
 Stone Arrow              Conj/Erth      #.....       75%         3
 Petrify                  Tmut/Erth      #.......     98%         4
 Lee's Rapid Deconstruct  Erth           #.........   100%        5


Dungeon Overview and Level Annotations

Branches:
Dungeon (11/15)            Temple (0/1) D:7
   Lair: D:8-11         Orc: D:9-12

Altars:
Ashenzari
Cheibriados
Fedhas
Hepliaklqana
Okawaru
Ru
Trog
Xom
Zin

Portals:
Ice
Cave: D:11


Innate Abilities, Weirdness & Mutations

You have sharp toenails.
You are surrounded by a mild repulsion field. (EV +2)
You are clumsy. (Dex -2)


Message History

You hit the ice devil but do no damage. The ice devil hits you!
The ice devil freezes you!
You hit the ice devil. You burn the ice devil.
You claw the ice devil, but do no damage.
The ice devil is lightly wounded.
You hit the ice devil but do no damage.
The ice devil is lightly wounded.
The ice devil misses you.
You hit the ice devil but do no damage.
The ice devil is lightly wounded.
The ice devil hits you. The ice devil freezes you!!
* * * LOW HITPOINT WARNING * * *
You barely miss the ice devil.
The ice devil is lightly wounded.
As you read the scroll of fear, it crumbles to dust.
You assume a fearsome visage.
The ice devil is unaffected.
The ice devil hits you!
* * * LOW HITPOINT WARNING * * *
The ice devil freezes you!
You die...

#### #..∩ #...
... .. #. #. #..#
##4## #... #..@#
###
#...###+#'###....
#...............
#......<........
##.......#######
#.......#
#...(...#
#...(.?.#
#..)(...#


You could see an ice devil.

Vanquished Creatures
  A two-headed ogre (D:10)
  Pikel (D:8)
  A troll (D:9)
  A polar bear (D:10)
  A wyvern (D:9)
  Eustachio (D:4)
  9 yaks (D:10)
  Menkaure (D:4)
  Duvessa (D:4)
  An orc warrior (D:9)
  An eye of draining (D:10)
  4 black bears
  3 sky beasts
  3 ice beasts
  2 necrophages
  A phantom (D:9)
  A wolf (D:9)
  5 centaurs
  4 ogres
  A lemure (D:8)
  A crocodile (D:10)
  A big kobold (D:11)
  3 bullfrogs
  Dowan (D:4)
  2 scorpions (D:10)
  4 killer bees
  7 wights
  A bullfrog zombie (D:6)
  3 quasits
  4 hounds
  4 jellies
  7 orc priests
  7 orc wizards
  2 centaur skeletons
  2 bullfrog skeletons
  Ijyb (D:4)
  Natasha (thrice) (D:4)
  6 worker ants
  A centaur simulacrum (D:10)
  A hound zombie (D:6)
  Robin (D:2)
  3 gnolls (D:6)
  8 adders
  A shadow imp (D:7)
  3 white imps
  A worker ant simulacrum (D:10)
  An ufetubus (D:10)
  An ooze (D:4)
  An adder skeleton (D:4)
  2 worms
  A dart slug (D:2)
  5 leopard geckos
  45 orcs
  8 giant cockroaches
  26 goblins
  13 hobgoblins
  4 jackals
  4 quokkas
  13 bats
  6 frilled lizards
  13 kobolds
  A leopard gecko skeleton (D:5)
  A quokka skeleton (D:4)
  3 rats
269 creatures vanquished.

Vanquished Creatures (others)
  A hippogriff (D:10)
  A yak (D:10)
  A fungus (D:1)
  2 plants (D:1)
5 creatures vanquished.

Grand Total: 274 creatures vanquished

Notes
Turn   | Place    | Note
-------+----------+-------------------------------------------
     0 | Abyss:1  | kae the Hill Orc Abyssal Knight began the quest for the
                  | Orb.
     0 | Abyss:1  | Reached XP level 1. HP: 19/19 MP: 2/2
    11 | D:1      | Escaped the Abyss
   107 | D:1      | Reached skill level 3 in Axes
   118 | D:1      | Reached XP level 2. HP: 27/27 MP: 4/4
   675 | D:1      | Reached ** piety under Lugonu
   675 | D:1      | Reached XP level 3. HP: 33/33 MP: 5/5
  1217 | D:2      | Reached skill level 4 in Axes
  1361 | D:2      | Noticed Robin
  1427 | D:2      | Killed Robin
  1427 | D:2      | Reached XP level 4. HP: 32/40 MP: 6/6
  2728 | D:3      | Reached *** piety under Lugonu
  2845 | D:3      | Reached skill level 5 in Axes
  2845 | D:3      | Reached XP level 5. HP: 28/47 MP: 7/7
  3685 | D:4      | Noticed Dowan
  3686 | D:4      | Noticed Duvessa
  3695 | D:4      | Noticed Menkaure
  3697 | D:4      | Killed Duvessa
  3697 | D:4      | Reached skill level 5 in Fighting
  3697 | D:4      | Reached skill level 6 in Axes
  3697 | D:4      | Reached XP level 6. HP: 24/56 MP: 9/9
  3713 | D:4      | Gained mutation: You are surrounded by a mild repulsion
                  | field. (EV +2) [potion of mutation]
  3713 | D:4      | Gained mutation: You are clumsy. (Dex -2) [potion of
                  | mutation]
  3713 | D:4      | Gained mutation: You have sharp toenails. [potion of
                  | mutation]
  3728 | D:4      | Killed Menkaure
  3974 | D:4      | Found a snail-covered altar of Cheibriados.
  4000 | D:4      | Reached skill level 5 in Invocations
  4057 | D:4      | Noticed Eustachio
  4057 | D:4      | Noticed Ijyb
  4098 | D:4      | Reached skill level 7 in Axes
  4098 | D:4      | Reached XP level 7. HP: 53/61 MP: 10/10
  4443 | D:4      | Killed Ijyb
  4495 | D:4      | Killed Dowan
  4713 | D:4      | Killed Eustachio
  4713 | D:4      | Reached skill level 8 in Axes
  4816 | D:4      | Noticed Natasha
  4824 | D:4      | Killed Natasha
  4824 | D:4      | Reached XP level 8. HP: 70/70 MP: 12/12
  4927 | D:4      | Noticed Natasha
  4933 | D:4      | Killed Natasha
  5091 | D:4      | Noticed Natasha
  5098 | D:4      | Killed Natasha
  5120 | D:5      | Entered Level 5 of the Dungeon
  5188 | D:5      | Found a sacrificial altar of Ru.
  5406 | D:5      | Reached skill level 9 in Axes
  5878 | D:5      | Found a shattered altar of Ashenzari.
  5899 | D:5      | Reached **** piety under Lugonu
  6296 | D:5      | Reached skill level 10 in Axes
  6409 | D:6      | Reached XP level 9. HP: 29/79 MP: 14/14
  6629 | D:6      | Found an iron altar of Okawaru.
  6917 | D:6      | Found a blossoming altar of Fedhas.
  6974 | D:6      | Reached skill level 11 in Axes
  7373 | D:6      | Found a shimmering altar of Xom.
  7697 | D:7      | Found a bloodstained altar of Trog.
  7959 | D:7      | Found a snail-covered altar of Cheibriados.
  7966 | D:7      | Found a staircase to the Ecumenical Temple.
  8040 | D:7      | Found a glowing silver altar of Zin.
  8042 | D:7      | Found a hazy altar of Hepliaklqana.
  8932 | D:8      | Reached skill level 12 in Axes
  9604 | D:9      | Reached XP level 10. HP: 91/91 MP: 16/16
  9680 | D:9      | Reached ***** piety under Lugonu
 10062 | D:9      | Noticed Pikel
 10067 | D:9      | Reached skill level 13 in Axes
 10367 | D:7      | HP: 4/91 [ice beast (6)]
 10733 | D:8      | Killed Pikel
 11017 | D:9      | Reached skill level 10 in Invocations
 11806 | D:10     | Entered Level 10 of the Dungeon
 12440 | D:10     | Noticed a two-headed ogre
 12449 | D:10     | Killed a two-headed ogre
 12449 | D:10     | Reached skill level 10 in Fighting
 12449 | D:10     | Reached skill level 14 in Axes
 13211 | D:10     | Reached XP level 11. HP: 55/101 MP: 19/19
 14113 | D:10     | Reached skill level 15 in Axes
 14789 | D:11     | Found a frozen archway.
 14802 | D:11     | Slain by an ice devil

Illustrated notes

Levels and vault maps discovered:
D:1:      wander_arrival_fairy_ring, layout_rooms
D:2:      layout_basic, minmay_between, uniq_robin
D:3:      minmay_chambers_of_twos, layout_basic
D:4:      layout_cave_pools, chei_slow_surprise, uniq_natasha, uniq_eustachio,
          uniq_ijyb, uniq_menkaure, uniq_duvessa
D:5:      layout_gridville, nicolae_ru_the_path_less_chosen,
          cheibrodos_ashenzari_chains, columned_hall_lemuel
D:6:      layout_loops_ring, lemuel_crystal_altar,
          lemuel_coloured_pillars_altar, kennysheep_okawaru_gauntlet
D:7:      layout_loops_ring, chequers_temple_overflow_statue_of_worship,
          trog_ov_bears_minmay, lemuel_crystal_altar,
          minmay_temple_entry_statues_pillars
D:8:      layout_gridville
D:9:      layout_loops_ring, lightli_orcish_oven, uniq_pikel
D:10:     layout_loops_ring, serial_ice, serial_ice_j, serial_ice_d,
          serial_ice_m, serial_ice_g, serial_ice_b, serial_ice_h
D:11:     layout_irregular_city, erik_lair_dragon, portal_ice_cave_demonic_guard

Skill      XL: |  1  2  3  4  5  6  7  8  9 10 11 |
---------------+----------------------------------+-----
Axes           | 3 4 5 6 7 8 10 12 14 15 | 15.1
Fighting       | 4 5 6 7 9 10 | 10.8
Invocations    | 3 4 5 6 7 9 10 11 | 11.3
Armour         | |  2.1
Dodging        | |  0.7

Action                   |  1- 3 |  4- 6 |  7- 9 | 10-12 || total
-------------------------+-------+-------+-------+-------++-------
Melee: Hand axe          |   114 |   170 |   308 |   392 ||   984
       Kick              |       |     8 |    77 |   103 ||   188
       Unarmed           |       |       |    10 |       ||    10
Invok: Bend Space        |       |       |       |     2 ||     2
Evoke: Wand              |       |       |     2 |     6 ||     8
  Use: Scroll            |     4 |     2 |    10 |     3 ||    19
       Potion            |       |     5 |       |       ||     5
Armor: Leather armour    |    22 |    41 |    49 |    43 ||   155
Dodge: Dodged            |    54 |    92 |   197 |   211 ||   554

Table legend: (Time is in decaauts)
 A = Elapsed time spent in this place.
 B = Non-inter-level travel time spent in this place.
 C = Inter-level travel time spent in this place.
 D = Time resting spent in this place.
 E = Time spent auto-exploring this place.
 F = Levels seen in this place.
 G = Mean time per level.
                   A        B        C        D        E       F      G
               +--------+--------+--------+--------+--------+-----+--------+
         Total |  14618 |  14040 |    578 |   4743 |   7473 |  12 | 1218.2 |
       Dungeon |  14607 |  14029 |    578 |   4743 |   7466 |  11 | 1327.9 |
         Abyss |     11 |     11 |      0 |      0 |      7 |   1 |   11.0 |
               +--------+--------+--------+--------+--------+-----+--------+

Top non-repeatable levels by time:
     D:9: 2464 daAuts
    D:10: 1612 daAuts
     D:3: 1562 daAuts
     D:8: 1437 daAuts
     D:2: 1346 daAuts
     D:7: 1330 daAuts
     D:5: 1229 daAuts
     D:6: 1225 daAuts
     D:4: 1213 daAuts
     D:1: 1034 daAuts
    D:11: 148 daAuts
 Abyss:1: 11 daAuts
